 Dungeon Crawl Stone Soup version 0.20-a0-709-gd40821f (webtiles) character file.

170 retryentry the Chopper (level 5, 0/41 HPs)
             Began as a Demonspawn Fighter on Feb 21, 2017.
             Slain by Sigmund
             ... wielding a +0 scythe
              (2 damage)
             ... on level 3 of the Dungeon.
             The game lasted 00:02:51 (2146 turns).

retryentry the Chopper (Demonspawn Fighter)         Turns: 2146, Time: 00:02:51

Health: 0/41       AC:  9    Str: 17    XL:     5   Next: 25%
Magic:  5/5        EV:  6    Int: 14    God:
Gold:   78         SH:  8    Dex: 13    Spells: 4/4 levels left

rFire    . . .     SeeInvis .   a - +0 war axe
rCold    . . .     Gourm    .   b - +0 scale mail
rNeg     . . .     Faith    .   c - +0 shield
rPois    .         Spirit   .   (no helmet)
rElec    .         Reflect  .   (no cloak)
rCorr    .         Harm     .   t - +0 pair of gloves
MR       .....                  (no boots)
Stlth    ..........             r - amulet of rage
Regen    0.2/turn               (no ring)
MPRegen  0.1/turn               (no ring)

@: brilliant, exhausted, slowed, very slow
A: slimy green scales 1, powered by pain 1
a: Evoke Berserk Rage


You were on level 3 of the Dungeon.
You were very hungry.

You visited 1 branch of the dungeon, and saw 3 of its levels.

You collected 78 gold pieces.

Inventory:

Hand Weapons
 a - a +0 war axe (weapon)
Missiles
 l - a throwing net (quivered)
 p - 2 poisoned javelins
Armour
 b - a +0 scale mail (worn)
 c - a +0 shield (worn)
 t - a +0 pair of gloves (worn)
Jewellery
 r - an amulet of rage (around neck)
Scrolls
 i - a scroll of recharging {unknown}
 j - a scroll of teleportation {unknown}
 k - a scroll of amnesia {unknown}
 n - a scroll of enchant armour {unknown}
 o - 2 scrolls of identify
 q - a scroll of fog {unknown}
 s - a scroll of immolation {unknown}
Potions
 d - 2 potions of might
 e - a potion of curing {unknown}
 g - a potion of magic {unknown}
 m - a potion of flight
Comestibles
 f - 3 bread rations


   Skills:
 - Level 3.0 Fighting
 + Level 5.0 Axes
 - Level 2.6 Armour
 - Level 2.6 Shields
 * Level 0.6 Evocations


You had 4 spell levels left.
You didn't know any spells.

Dungeon Overview and Level Annotations

Branches:
Dungeon (3/15)

Altars:

Annotations:
D:3 Sigmund


Innate Abilities, Weirdness & Mutations

You are partially covered in slimy green scales. (AC +2)
You sometimes gain a little power by taking damage.


Message History

You slash the orc priest! Sigmund hits you with a scythe.
* * * LOW HITPOINT WARNING * * *
You block the orc priest's attack. You block the orc's attack.
Sigmund barely misses you.
A frilled lizard comes into view.
As you read the scroll labeled ZEUTHR IWABBADGH, it crumbles to dust.
It is a scroll of identify.
m - a potion of flight The frilled lizard hisses angrily.
The orc priest hits you but does no damage.
The orc hits you but does no damage. The orc priest hits you with a flail.
* * * LOW HITPOINT WARNING * * *
Sigmund casts a spell at you. The magic dart hits you!
* * * LOW HITPOINT WARNING * * *
Okay, then.
It was a potion of brilliance.
You feel clever all of a sudden. You block the orc's attack.
Sigmund hits you with a scythe.
You die...

###### #### #....#
o$...#####.##.# #....?..##.##.#
..#.##.##.##.#################
...........l.o@@o..............
..>........##o########.########
.........)....# #.########
..o##.####.#### #......... ..
... #..# #.######## . #.##
##.## #.# #.# #. #..# #.###.# #
######.## #.....# #.......#
#.###.#


You could see Sigmund, an orc priest, 2 orcs and a frilled lizard.

Vanquished Creatures
  An orc wizard (D:3)
  Natasha (thrice) (D:2)
  A worm (D:2)
  4 dart slugs (D:1)
  2 leopard geckos
  4 orcs (D:3)
  2 ball pythons
  5 bats (D:1)
  2 giant cockroaches (D:2)
  6 goblins
  6 hobgoblins (D:1)
  3 jackals (D:3)
  3 kobolds (D:1)
  2 quokkas
  3 frilled lizards
  2 rats
49 creatures vanquished.

Notes
Turn   | Place    | Note
-------+----------+-------------------------------------------
     0 | D:1      | retryentry the Demonspawn Fighter began the quest for the Orb.
     0 | D:1      | Reached XP level 1. HP: 18/18 MP: 1/1
    30 | D:1      | Reached skill level 2 in Axes
   185 | D:1      | Gained mutation: You sometimes gain a little power by taking damage. [demonic ancestry]
   185 | D:1      | Reached XP level 2. HP: 24/24 MP: 2/2
   275 | D:1      | Reached skill level 3 in Axes
   465 | D:1      | Reached XP level 3. HP: 18/29 MP: 3/3
   977 | D:2      | Noticed Natasha
   991 | D:2      | Killed Natasha
  1210 | D:2      | Noticed Natasha
  1215 | D:2      | Killed Natasha
  1215 | D:2      | Reached skill level 4 in Axes
  1215 | D:2      | Gained mutation: You are partially covered in slimy green scales. (AC +2) [demonic ancestry]
  1215 | D:2      | Reached XP level 4. HP: 5/35 MP: 4/4
  1811 | D:2      | Noticed Natasha
  1818 | D:2      | Killed Natasha
  1899 | D:3      | Reached XP level 5. HP: 15/41 MP: 5/5
  2093 | D:3      | Noticed Sigmund
  2144 | D:3      | Reached skill level 5 in Axes
  2145 | D:3      | HP: 2/41 [Sigmund/magic dart (7)]
  2146 | D:3      | Slain by Sigmund

Vault maps used:
D:1:      dpeg_arrival_boxorama, minmay_pentomino_r2
D:2:      uniq_natasha
D:3:      grunt_temple_overflow_open, first_bread, minmay_misc_feat_five,
          nemelex_altar_shiori, uniq_sigmund

Skill      XL: |  1  2  3  4  5 |
---------------+----------------+-----
Axes           | 2 3 4 5 |  5.0
Fighting       | |  3.0
Armour         | |  2.6
Shields        | |  2.6
Evocations     | |  0.6

Action                   |  1- 3 |  4- 6 || total
-------------------------+-------+-------++-------
Melee: War axe           |    93 |    83 ||   176
 Abil: Evoke Berserk Rag |       |     1 ||     1
  Use: Scroll            |       |     1 ||     1
       Potion            |       |     1 ||     1
  Eat: Chunk             |     1 |     3 ||     4
Armor: Scale mail        |    37 |    40 ||    77
Dodge: Dodged            |    28 |    27 ||    55
Block: Shield            |    49 |    38 ||    87
